 Dungeon Crawl Stone Soup version 0.23-a0-512-g50a8178 (webtiles) character file.

357 MisterFreud the Ruffian (level 6, -2/55 HPs)
             Began as a Troll Hunter on Dec 4, 2018.
             Slain by a scorpion (8 damage)
             ... on level 4 of the Dungeon.
             The game lasted 00:05:54 (2362 turns).

MisterFreud the Ruffian (Troll Hunter)              Turns: 2362, Time: 00:05:54

Health: -2/55      AC:  5    Str: 23    XL:     6   Next: 36%
Magic:  5/5        EV: 10    Int:  7    God:
Gold:   160        SH:  0    Dex: 10    Spells: 5/5 levels left

rFire    . . .     SeeInvis .   a - +0 short sword
rCold    + . .     Gourm    +   (no shield)
rNeg     . . .     Faith    .   b - +0 robe
rPois    +         Spirit   .   (helmet restricted)
rElec    .         Reflect  .   (no cloak)
rCorr    .         Harm     .   (gloves unavailable)
MR       .....                  (boots unavailable)
Stlth    +.........             (no amulet)
HPRegen  0.58/turn              t - ring of protection from cold
MPRegen  0.09/turn              m - ring of poison resistance

@: no status effects
A: large, unfitting armour, claws 3, fast metabolism 3, gourmand, regeneration
1, shaggy fur 1, tough skin 2
a: no special abilities


You were on level 4 of the Dungeon.
You were very full.

You visited 1 branch of the dungeon, and saw 4 of its levels.

You collected 160 gold pieces.

Inventory:

Hand Weapons
 a - a +0 short sword (weapon)
Missiles
 c - 8 large rocks (quivered)
 d - 2 throwing nets
 i - 86 stones
 k - 2 tomahawks
Armour
 b - a +0 robe (worn)
Jewellery
 j - an uncursed ring of magical power
 m - a ring of poison resistance (right claw)
 n - an uncursed ring of stealth
 t - a ring of protection from cold (left claw)
Scrolls
 o - 2 scrolls of identify
 p - 4 scrolls of teleportation {unknown}
 r - 2 scrolls of remove curse
Potions
 e - 2 potions of agility {unknown}
 g - a potion of brilliance
 h - a potion of haste {unknown}
 l - a potion of invisibility {unknown}
 q - 2 potions of heal wounds {unknown}
 u - a potion of curing {unknown}
Comestibles
 f - 9 rations
 s - 2 chunks of flesh


   Skills:
 - Level 1.5 Fighting
 - Level 3.6 Throwing
 - Level 1.5 Dodging
 - Level 0.3 Stealth
 + Level 6.4 Unarmed Combat


You had 5 spell levels left.
You didn't know any spells.
Your spell library was empty.

Dungeon Overview and Level Annotations

Branches:
Dungeon (4/15)
 Temple: D:4-7

Altars:
Ashenzari
Cheibriados
Makhleb
Nemelex Xobeh
Qazlal
Trog


Innate Abilities, Weirdness & Mutations

You are too large for most types of armour.
You have claws for hands.
Your metabolism is lightning-fast.
You like to eat raw meat.
Your natural rate of healing is unusually fast.
You are covered in fur. (AC +1)
You have very tough skin. (AC +2)


Message History

The scorpion is almost dead.
The scorpion stings you.
* * * LOW HITPOINT WARNING * * *
The giant cockroach bites you.
* * * LOW HITPOINT WARNING * * *
You completely miss the scorpion.
The scorpion is almost dead.
The giant cockroach waves its antennae.
The giant cockroach bites you but does no damage.
The scorpion closely misses you. The giant cockroach closely misses you.
The scorpion barely misses you.
You hit the scorpion.
The scorpion is almost dead.
The giant cockroach completely misses you.
The scorpion stings you.
* * * LOW HITPOINT WARNING * * *
You hit the scorpion but do no damage.
The scorpion is almost dead.
The giant cockroach closely misses you. The scorpion stings you!
You die...

...!.##..####........# #.....#
.....................###.....#
.......#...........>.........#
...........#.................#
...........###.......#.#.....#
.....................#.#.....#
.....................#.#.....#
###.........#s...............#
#......##Zs@...#####.#......
#..###+####.....# #..>..###
#.. ##....# #.. #. .....# ..
#. ....# #####


You could see a scorpion, a giant cockroach and an adder skeleton.

Vanquished Creatures
  A centaur (D:3)
  A crimson imp (D:3)
  2 orc wizards (D:3)
  2 worker ants (D:4)
  5 adders
  3 worms
  2 leopard geckos
  8 orcs
  8 bats
  6 giant cockroaches
  9 goblins
  6 hobgoblins
  7 jackals (D:2)
  2 quokkas
  7 frilled lizards
  8 kobolds
  7 rats
84 creatures vanquished.

Notes
Turn   | Place    | Note
-------+----------+-------------------------------------------
     0 | D:1      | MisterFreud the Troll Hunter began the quest for the Orb.
     0 | D:1      | Reached XP level 1. HP: 19/19 MP: 0/0
     0 | D:1      | You fall through a shaft!
    22 | D:2      | Reached skill level 1 in Unarmed Combat
    70 | D:1      | Reached XP level 2. HP: 27/27 MP: 1/1
   108 | D:1      | Reached skill level 2 in Unarmed Combat
   575 | D:1      | Reached XP level 3. HP: 33/33 MP: 2/2
   652 | D:1      | Noticed an elf
   654 | D:1      | Noticed a formicid
   654 | D:1      | Noticed a demonspawn
   656 | D:1      | Noticed an octopode
   658 | D:1      | Noticed a minotaur
   658 | D:1      | Noticed a dwarf
   660 | D:1      | Noticed a spriggan
   660 | D:1      | Noticed a naga
   662 | D:1      | Noticed a troll
   662 | D:1      | Noticed a gargoyle
   666 | D:1      | Noticed an ogre
   666 | D:1      | Noticed a draconian
   668 | D:1      | Noticed a demigod
   668 | D:1      | Noticed a vampire
   671 | D:1      | Noticed a merfolk
   671 | D:1      | Noticed a centaur
   673 | D:1      | Noticed a tengu
   675 | D:1      | Noticed a ghoul
   675 | D:1      | Noticed a vine stalker
   677 | D:1      | Noticed a human
   677 | D:1      | Noticed a felid
   731 | D:2      | Found a shattered altar of Ashenzari.
   805 | D:2      | Found a sparkling altar of Nemelex Xobeh.
   863 | D:2      | Reached skill level 3 in Unarmed Combat
  1018 | D:2      | Reached XP level 4. HP: 41/41 MP: 3/3
  1342 | D:3      | Reached skill level 4 in Unarmed Combat
  1370 | D:3      | Reached XP level 5. HP: 19/48 MP: 4/4
  1566 | D:3      | Found a stormy altar of Qazlal.
  1636 | D:3      | Reached skill level 5 in Unarmed Combat
  1931 | D:3      | Noticed a centaur
  1935 | D:3      | Killed a centaur
  1935 | D:3      | Reached skill level 6 in Unarmed Combat
  1935 | D:3      | Reached XP level 6. HP: 50/55 MP: 5/5
  2140 | D:4      | HP: 4/82 [orc/+0 morningstar (3)]
  2241 | D:4      | Found a bloodstained altar of Trog.
  2247 | D:4      | Found a burning altar of Makhleb.
  2256 | D:4      | Found a snail-covered altar of Cheibriados.
  2362 | D:4      | Slain by a scorpion

Vault maps used:
D:1:      kb_arrival_jail, fountainhead
D:2:      ashenzari_altar_1, lemuel_coloured_pillars_altar
D:3:      marbit_many_paths, first_ration
D:4:      minmay_overflow_temple_star_quad, minmay_temple_entry_glassed_door,
          chequers_ossuary_entry_cave, minmay_pentangle

Skill      XL: |  1  2  3  4  5 |
---------------+----------------+-----
Unarmed Combat | 1 2 3 4 6 |  6.4
Fighting       | |  1.5
Throwing       | |  3.6
Dodging        | |  1.5
Stealth        | |  0.3

Action                   |  1- 3 |  4- 6 || total
-------------------------+-------+-------++-------
Melee: Short sword       |   170 |   249 ||   419
       Punch             |       |     7 ||     7
  Use: Scroll            |       |     5 ||     5
       Potion            |       |     1 ||     1
 Stab: Sleeping          |     2 |     1 ||     3
  Eat: Chunk             |    14 |    14 ||    28
Armor: Robe              |   107 |   135 ||   242
       Skin              |       |    35 ||    35
Dodge: Dodged            |   135 |   163 ||   298

Table legend:
 A = Non-vault XP
 B = Vault XP
 C = Vault XP percentage of total XP
 D = Non-vault monster count
 E = Vault monster count
 F = Vault count percentage of total count
                 A         B        C        D         E       F
            +---------+---------+-------+---------+---------+-------
      Total |     507 |       3 |   0.6 |      83 |       1 |   1.2
            +---------+---------+-------+---------+---------+-------
        D:1 |      42 |       0 |   0.0 |      25 |       0 |   0.0
        D:2 |      70 |       0 |   0.0 |      25 |       0 |   0.0
        D:3 |     292 |       3 |   1.0 |      22 |       1 |   4.3
        D:4 |     103 |       0 |   0.0 |      11 |       0 |   0.0
            +---------+---------+-------+---------+---------+-------
